Unix NetHack Version 3.7.0-101 Work-in-progress - last build Mar 4 2024 02:26:32 (3c4ac04b664b9ee0831c739617f054b5b60dbfd1,branch:master). Game began 2024-03-11 13:15:40, ended 2024-03-11 13:47:36. elenmirie, neutral female gnomish Archeologist --------------- |.............| ##-.............| # |.............| ### |.............| # |.............| # --------.------ # # ----- # ## #######Z@#d##### |....################## ### |...|# ###### #### ## |.... ######### ### |{..| ## ## |.... ## # |...| ---.---# ----- |.....|# |...<^.# ------- Elenmirie the Field Worker St:14 Dx:9 Co:15 In:17 Wi:13 Ch:7 Neutral Dlvl:4 $:10 HP:0(25) Pw:13(13) AC:8 Xp:3/64 T:1519 Latest messages: Yermak misses the cave spider. You see here 2 food rations. Yermak misses the cave spider. You learn more about your items by comparing them. d - 2 uncursed food rations (7 in total). Yermak misses the cave spider. The cave spider bites! You miss the cave spider. Yermak bites the cave spider. The cave spider misses Yermak. The cave spider bites! Yermak misses the cave spider. You lash the cave spider. Yermak misses the cave spider. The cave spider bites! You kill the cave spider! Yermak eats a cave spider corpse. You hear a door open. You hear some noises. You hear some noises in the distance. You hear some noises. You hear some noises in the distance. The orc zombie hits! You miss the orc zombie. The orc zombie hits! You lash the orc zombie. The orc zombie hits! You miss the orc zombie. The orc zombie hits! You lash the orc zombie. The orc zombie hits! You destroy the orc zombie! You swap places with Yermak. You miss the orc zombie. The orc zombie hits! You miss the orc zombie. You miss the orc zombie. You miss the orc zombie. You lash the orc zombie. The orc zombie hits! You lash the orc zombie. The orc zombie hits! You lash the orc zombie. The orc zombie hits! You die... Do you want your possessions identified? [ynq] (y) y Do you want to see your attributes? [ynq] (y) y Do you want an account of creatures vanquished? [ynaq] (y) y Do you want to see your conduct and achievements? [ynq] (y) y Do you want to see the dungeon overview? [ynq] (y) y Inventory: Coins $ - 10 gold pieces Weapons a - an uncursed +2 bullwhip (weapon in right hand) l - an uncursed +0 bullwhip Armor c - an uncursed +0 fedora n - an uncursed +0 orcish helm (being worn) b - an uncursed +0 leather jacket (being worn) Comestibles d - 7 uncursed food rations j - an uncursed fortune cookie Potions k - a blessed potion of healing Wands m - an uncursed wand of sleep (0:6) Tools w - an uncursed sack containing 1 item i - an uncursed oil lamp e - an uncursed +0 pick-axe (alternate weapon; not wielded) t - an uncursed tinning kit (0:54) Gems/Stones g - an uncursed touchstone Contents of the sack: 1554 gold pieces Elenmirie the Archeologist's attributes: Background: You were a Field Worker, a level 3 female gnomish Archeologist. You were neutral, nominally on a mission for Camaxtli who was opposed by Quetzalcoatl (lawful) and Huhetotl (chaotic). You were right-handed. You were in the Dungeons of Doom, on level 4. You entered the dungeon 1519 turns ago. There was a new moon in effect when your adventure ended. You had 64 experience points, 16 more were needed to attain level 4. Basics: You had 0 out of 25 hit points. You had all 13 energy points (spell power). Your armor class was 8. Your wallet contained 10 zorkmids, and you had 1554 more stashed away in your pack. Autopickup was on for '$' plus thrown. Final Characteristics: Your strength was 14 (limit:18/50). Your dexterity was 9 (peak:10, limit:18). Your constitution was 15 (limit:18). Your intelligence was 17 (limit:19). Your wisdom was 13 (limit:18). Your charisma was 7 (limit:18). Final Status: You weren't hungry. You were unencumbered. You were wielding a whip. You had basic skill with whip. Final Attributes: You were devoutly aligned. You had automatic searching. You had infravision. You are dead. Miscellaneous: You never encountered a bones level. Total elapsed playing time was 31 minutes and 54 seconds. Major events: Turn 1: elenmirie the neutral female gnomish Archeologist entered the dungeon 950: attained the rank of Field Worker (level 3) 1519: killed by an orc zombie Vanquished creatures: a kitten a homunculus an orc zombie an acid blob a hobbit a hobgoblin a cave spider 3 jackals a fox 3 kobolds a goblin a sewer rat 4 grid bugs a lichen 2 kobold zombies 6 newts 29 creatures vanquished. No species were genocided or became extinct. Voluntary challenges: You were an atheist. You were illiterate. You never engraved Elbereth. You never genocided any monsters. You never polymorphed an object. You never changed form. You used no wishes. Achievement: You attained the rank of Field Worker. The Dungeons of Doom: levels 1 to 4 Level 1: Some fountains, a sink. Level 2: Level 3: Level 4: <- You were here. A fountain. Final resting place for you, killed by an orc zombie. Game over: ---------- / \ / REST \ / IN \ / PEACE \ / \ | elenmirie | | 1564 Au | | killed by an orc | | zombie | | | | | | 2024 | *| * * * | * _________)/\\_//(\/(/\)/\//\/|_)_______ Goodbye elenmirie the Archeologist... You died in The Dungeons of Doom on dungeon level 4 with 1814 points, and 1564 pieces of gold, after 1519 moves. You were level 3 with a maximum of 25 hit points when you died.